Map: Whirlwind LE (Void)

Players

Emil

  • Race: Zerg Zerg
  • League: Diamond
  • Spawn Location: 1:00

Kirmo - Winner!

  • Race: Zerg Zerg
  • League: Diamond
  • Spawn Location: 11:00

VOD

Have the link to the VOD?

Description

Time

  • Played on: Nov. 28, 2016, 9:14 a.m.
  • Length: 5:37
Show
View Real Time Build Order
Export as new Build Order

Emil Zerg 

Build Orders: Pool First 

Get SALT Encoding   

  12  0:05  Drone  
  13  0:09  Drone  
  13  0:13  Extractor  
  13  0:16  Drone  
  14  0:33  Spawning Pool  
  13  0:37  Drone  
  14  0:46  Overlord  
  14  0:57  Drone, Extractor  
  15  1:06  Drone  
  15  1:07  Drone  
  17  1:11  Drone  
  18  1:19  Metabolic Boost  
  18  1:46  Hatchery  
  17  1:55  Queen  
  19  2:07  Zergling x2, Baneling Nest  
  19  2:11  Zergling x2  
  19  2:15  Zergling x2  
  21  2:23  Overlord  
  21  2:36  Zergling x2  
  22  2:47  Zergling x2  
  23  2:54  Baneling  
  23  2:55  Baneling  
  23  2:58  Baneling x2  
  23  3:00  Zergling x2  
  23  3:01  Zergling x2  
  23  3:05  Zergling x8  
  29  3:09  Baneling  
  29  3:12  Zergling x2  
  25  3:43  Drone x7  
  29  3:56  Drone  
  29  3:57  Drone x2  
  29  3:58  Drone  
  31  4:13  Zergling x4  
  33  4:18  Queen  
  35  4:26  Zergling x2  
  35  4:28  Overlord  
  36  4:31  Baneling x2  
  36  4:32  Spine Crawler  
  35  4:39  Zergling x2  
  35  4:42  Overlord  
  35  4:52  Zergling x2  
  32  4:53  Zergling x8  
  32  4:55  Zergling x2  
Show
View Real Time Build Order
Export as new Build Order

Kirmo Zerg - Winner!

Build Orders: Hatch First 

Get SALT Encoding   

  12  0:01  Drone  
  13  0:08  Drone  
  14  0:15  Extractor  
  14  0:16  Drone  
  15  0:25  Overlord  
  15  0:46  Hatchery  
  15  0:49  Drone  
  15  0:51  Drone  
  15  0:56  Extractor  
  15  0:58  Drone  
  16  1:12  Spawning Pool  
  16  1:16  Drone  
  16  1:20  Drone  
  16  1:24  Drone  
  18  1:34  Drone  
  19  1:43  Overlord  
  19  1:59  Queen  
  19  2:00  Queen  
  24  2:01  Zergling x2  
  24  2:07  Metabolic Boost  
  24  2:11  Zergling x2  
  25  2:22  Drone  
  26  2:24  Drone  
  26  2:27  Spine Crawler  
  26  2:35  Zergling x6  
  29  2:43  Drone x2  
  31  2:48  Evolution Chamber  
  31  2:49  Drone  
  31  3:03  Spine Crawler  
  30  3:20  Drone x4  
  30  3:21  Overlord  
  25  3:43  Zergling x2  
  25  3:44  Zergling x4  
  22  4:03  Zergling x14  
  26  4:11  Spine Crawler  
  26  4:14  Drone  
  26  4:35  Zergling x2  
  26  4:36  Zergling x8  
  28  5:02  Zergling x12  
Tags
 
Add a new tag
Caveats
  • Supply blocks, unpowered buildings, or Contaminate may cause inaccurate times.
  • Supply counts are checked every 10 seconds.